 Dungeon Crawl Stone Soup version 0.18.1-8-gdd0e5ea (webtiles) character file.

8224 matakusis the Covert (level 11, -10/68 HPs)
             Began as a Vampire Enchanter on June 4, 2016.
             Was a Priest of Dithmenos.
             Mangled by an orc knight
             ... wielding a +0 battleaxe
              (30 damage)
             ... while paralysed by an orc sorcerer
             ... on level 2 of the Orcish Mines.
             The game lasted 01:44:20 (14087 turns).

matakusis the Covert (Vampire Enchanter)           Turns: 14087, Time: 01:44:21

Health: -10/68     AC:  9    Str:  7    XL:     11   Next: 7%
Magic:  21/32      EV:  2    Int: 18    God:    Dithmenos [***...]
Gold:   476        SH:  0    Dex: 20    Spells: 5 memorised, 12 levels left

rFire  + + .     SeeInvis +     o - +3 dagger (venom)
rCold  + + +     Gourm    .     x - +2 robe {rC+ rF+}
rNeg   + + +     Faith    .     (no shield)
rPois  +         Spirit   .     r - +2 helmet of the Wilderness {rF+}
rElec  +         Dismiss  .     (no cloak)
rCorr  .         Reflect  +     p - +1 pair of gloves
SustAt .         Harm     .     (no boots)
MR     ++...                    h - +2 amulet of reflection
Stlth  ++++++++++               k - ring of magical power
                                C - ring "Suhafur" {rElec MR+ Dex+2}

@: paralysed, regenerating slowly, wreathed by umbra, very resistant to hostile
enchantments, uncannily stealthy
A: fangs 3, see invisible, screaming 1, unbreathing, evolution 1, subdued magic
1
a: Bat Form, Shadow Step, Renounce Religion


You were on level 2 of the Orcish Mines.
You worshipped Dithmenos.
Dithmenos was most pleased with you.
You were near bloodless.

You visited 3 branches of the dungeon, and saw 12 of its levels.

You collected 882 gold pieces.
You spent 406 gold pieces at shops.

Inventory:

Hand Weapons
 o - a +3 dagger of venom (weapon)
Missiles
 i - 2 throwing nets
 n - 377 stones (quivered)
 s - 6 curare-tipped needles
Armour
 p - a +1 pair of gloves (worn)
 r - the +2 helmet of the Wilderness (worn) {rF+}
   (You found it on level 4 of the Dungeon)

   It protects you from fire.
 x - a +2 robe of resistance (worn)
 y - the +1 robe of Unambiguity {+Fly}
   (You found it on level 5 of the Dungeon)

   It lets you fly.
Jewellery
 e - an uncursed ring of protection from fire
 h - a +2 amulet of reflection (around neck)
 k - a ring of magical power (right hand)
 C - the ring "Suhafur" (left hand) {rElec MR+ Dex+2}
   (You bought it in a shop on level 9 of the Dungeon)

   [ring of dexterity]

   It affects your dexterity (+2).
   It insulates you from electricity.
   It affects your resistance to hostile enchantments.
Wands
 l - a wand of disintegration (9/24)
 u - a wand of digging (8/24)
 z - a wand of disintegration (9/24)
 E - a wand of iceblast (8/15)
 J - a wand of paralysis (9/24)
 K - a wand of acid (8/15)
Scrolls
 b - 4 scrolls of recharging
 g - 7 scrolls of teleportation
 j - 7 scrolls of identify
 v - a scroll of amnesia
 A - 2 scrolls of enchant armour
 D - a scroll of fog
 G - 3 scrolls of magic mapping
Potions
 d - 32 potions of blood
 f - a potion of heal wounds
 m - 2 potions of cancellation
 q - 3 potions of brilliance
 t - 7 potions of curing
 w - a potion of invisibility
 F - a potion of lignification
Books
 c - a book of Maledictions

   Spells                             Type                      Level
   a - Corona                         Hexes                        1
   b - Ensorcelled Hibernation        Hexes/Ice                    2
   c - Confuse                        Hexes                        3
   d - Tukima's Dance                 Hexes                        3
   e - Dazzling Spray                 Conjuration/Hexes            3
 H - a Fen Folio

   Spells                             Type                      Level
   a - Corpse Rot                     Necromancy                   2
   b - Stone Arrow                    Conjuration/Earth            3
   c - Leda's Liquefaction            Hexes/Earth                  4
   d - Summon Forest                  Summoning/Translocation      5
   e - Hydra Form                     Transmutation                6
   f - Summon Hydra                   Summoning                    7
Miscellaneous
 I - a plain deck of wonders {Focus}


   Skills:
 + Level 3.7 Short Blades
 + Level 8.0 Dodging
 * Level 14.8 Stealth
 + Level 8.3 Spellcasting
 - Level 0.1 Conjurations
 + Level 11.9 Hexes


You had 12 spell levels left.
You knew the following spells:

 Your Spells              Type           Power        Failure   Level  Hunger
a - Corona                Hex            #####..      1%          1    None
b - Tukima's Dance        Hex            #####...     1%          3    None
c - Confuse               Hex            #####...     1%          3    None
d - Dazzling Spray        Conj/Hex       ###.....     1%          3    None
e - Leda's Liquefaction   Hex/Erth       ###.......   8%          4    ###....


Dungeon Overview and Level Annotations

Branches:
Dungeon (9/15)             Temple (1/1) D:6             Orc (2/2) D:9
   Lair: D:8-11         Elf: Orc:2

Altars:
Ashenzari
Cheibriados
Dithmenos
Elyvilon
Fedhas
Gozag
Kikubaaqudgha
Makhleb
Nemelex Xobeh
Okawaru
Pakellas
Qazlal
Ru
Sif Muna
Trog
Vehumet
Xom
Yredelemnul
Zin
The Shining One

Shops:
D:9 =(   Orc:2 (:=*


Innate Abilities, Weirdness & Mutations

You heal slowly.
You have razor-sharp teeth.
You have supernaturally acute eyesight.
You can survive without breathing.
You occasionally shout uncontrollably at your foes.
You evolve.
Your spells are a little easier to cast, but a little less powerful.


Message History

The orc warrior hits you with a hand axe!
The orc warrior hits the fungus!
The orc sorcerer points at you and mumbles some strange words.
You suddenly lose the ability to move!
The orc warrior hits you but does no damage.
The orc warrior completely misses the fungus.
The orc warrior hits the fungus with a short sword!
The orc knight hits you with a battleaxe!
The orc sorcerer gestures at you while chanting.
The bolt of negative energy hits you! You resist.
Your hand axe hits the orc warrior.
The orc warrior hits you with a hand axe.
The orc warrior hits the fungus.
The orc warrior hits the fungus with a short sword!!
The orc sorcerer casts a spell at you.
Helpless, you fail to dodge the bolt of fire.
You resist.
* * * LOW HITPOINT WARNING * * *
The orc knight hits you with a battleaxe!!
You die...

..#.............
..P.................
.....................
.....................
.................#..
8..∩..............#
......oP.........#..
.....ooP.........#
.....oo@....(...##
P...(.Po.........#
#.....#.......#.##
########.#...####
#######


You could see an orc knight, an orc sorcerer, 4 orc warriors and a friendly hand
axe.

Vanquished Creatures
  An ettin (Orc:2)
  Erolcha (D:8)
  An orc sorcerer (Orc:1)
  5 dancing weapons
  A troll (Orc:1)
  Grinder (D:4)
  Sigmund (D:5)
  6 yaks (D:9)
  A wyvern (D:9)
  Grum (D:8)
  Duvessa (D:7)
  A water moccasin (D:9)
  6 orc warriors
  2 ice beasts (D:8)
  3 ogres
  2 sky beasts
  2 phantoms
  2 wolves (D:8)
  6 centaurs
  The ghost of daning the Charmwright, an amateur HESk (D:4)
  2 big kobolds
  3 giant frogs
  A wyvern zombie (D:9)
  4 scorpions
  4 killer bees (D:7)
  The ghost of Gnarff the Conjurer, a weakling DrCj (D:3)
  3 howler monkeys
  4 crimson imps
  A giant frog zombie (D:9)
  5 hounds
  2 jellies
  4 orc priests
  A centaur skeleton (D:4)
  3 iguanas
  8 orc wizards
  5 worker ants
  Terence (D:3)
  A hound skeleton (D:6)
  6 gnolls
  2 howler monkey skeletons
  14 adders
  2 shadow imps
  2 adder zombies
  2 worms
  3 dart slugs
  4 giant geckos
  20 orcs
  3 giant cockroaches
  4 goblins
  6 hobgoblins
  10 jackals
  15 kobolds
  5 quokkas
  3 ball pythons
  9 bats
  4 giant newts
  A jackal skeleton (D:4)
  A quokka skeleton (D:5)
  5 rats
  A fungus (Orc:2)
220 creatures vanquished.

Vanquished Creatures (collateral kills)
  Joseph (D:8)
  Eustachio (D:5)
  2 ogres
  A giant frog (D:7)
  Dowan (D:7)
  3 orc priests
  4 orc wizards
  6 gnolls
  8 orcs
27 creatures vanquished.

Vanquished Creatures (others)
  A yak (D:9)
  9 dancing weapons
  3 kobolds
  8 fungi (Orc:2)
21 creatures vanquished.

Grand Total: 268 creatures vanquished

Notes
Turn   | Place    | Note
--------------------------------------------------------------
     0 | D:1      | matakusis the Vampire Enchanter began the quest for the Orb.
     0 | D:1      | Reached XP level 1. HP: 13/13 MP: 3/3
   665 | D:1      | Reached XP level 2. HP: 15/19 MP: 3/5
  1322 | D:1      | Reached skill level 5 in Hexes
  1547 | D:1      | Reached skill level 5 in Stealth
  1633 | D:1      | Reached XP level 3. HP: 24/24 MP: 6/6
  1646 | D:1      | Learned a level 3 spell: Tukima's Dance
  3143 | D:3      | Noticed Gnarff's ghost (weakling DrCj)
  3226 | D:2      | Reached XP level 4. HP: 22/30 MP: 7/7
  3234 | D:2      | Learned a level 3 spell: Confuse
  3748 | D:3      | Killed Gnarff's ghost
  3748 | D:3      | Reached skill level 6 in Stealth
  3748 | D:3      | Reached XP level 5. HP: 30/35 MP: 5/9
  4188 | D:3      | Noticed Terence
  4197 | D:3      | Killed Terence
  4811 | D:3      | Reached XP level 6. HP: 18/41 MP: 4/10
  4999 | D:3      | Learned a level 3 spell: Dazzling Spray
  5138 | D:4      | Reached skill level 7 in Stealth
  5201 | D:4      | Noticed daning's ghost (amateur HESk)
  5602 | D:4      | Noticed Grinder
  5611 | D:4      | Killed Grinder
  5737 | D:4      | Got a bloodstained helmet
  5743 | D:4      | Identified the +2 helmet of the Wilderness {rF+} (You found it on level 4 of the Dungeon)
  5775 | D:4      | Reached XP level 7. HP: 46/46 MP: 12/12
  5963 | D:4      | Reached skill level 8 in Stealth
  6333 | D:4      | Killed daning's ghost
  6486 | D:5      | Entered Level 5 of the Dungeon
  7117 | D:5      | Reached skill level 9 in Stealth
  7224 | D:5      | Got a colourful robe
  7235 | D:5      | Identified the cursed +1 robe of Unambiguity {+Fly} (You found it on level 5 of the Dungeon)
  7315 | D:5      | Reached XP level 8. HP: 52/52 MP: 14/14
  7512 | D:5      | Noticed Eustachio
  7512 | D:5      | Noticed Sigmund
  7553 | D:5      | Killed Eustachio
  7556 | D:5      | Killed Sigmund
  7585 | D:5      | Reached skill level 5 in Dodging
  7585 | D:5      | Reached skill level 5 in Spellcasting
  8122 | D:6      | Reached skill level 10 in Stealth
  8308 | D:6      | Found a sacrificial altar of Ru.
  8321 | D:6      | Found an ancient bone altar of Kikubaaqudgha.
  8452 | D:6      | Found a shimmering altar of Xom.
  8791 | D:6      | Found a staircase to the Ecumenical Temple.
  8810 | Temple   | Entered the Ecumenical Temple
  9253 | Temple   | Became a worshipper of Dithmenos the Shadowed
  9420 | D:6      | Reached XP level 9. HP: 57/57 MP: 17/17
  9441 | D:6      | Reached skill level 11 in Stealth
  9445 | D:6      | Found an iron altar of Okawaru.
  9704 | D:7      | Found a sacrificial altar of Ru.
  9893 | D:7      | Found a blossoming altar of Fedhas.
 10613 | D:7      | Noticed Duvessa
 10616 | D:7      | Noticed Dowan
 10631 | D:7      | Killed Dowan
 10643 | D:7      | Killed Duvessa
 10820 | D:7      | Reached * piety under Dithmenos
 11038 | D:7      | Found a bloodstained altar of Trog.
 11145 | D:8      | Noticed Joseph
 11157 | D:8      | Reached skill level 12 in Stealth
 11177 | D:8      | Killed Joseph
 11192 | D:8      | Reached skill level 10 in Hexes
 11407 | D:8      | Noticed Erolcha
 11435 | D:8      | Killed Erolcha
 11435 | D:8      | Reached skill level 13 in Stealth
 11435 | D:8      | Reached XP level 10. HP: 63/63 MP: 5/20
 11491 | D:8      | Noticed Grum
 11510 | D:8      | Killed Grum
 11731 | D:8      | Learned a level 4 spell: Leda's Liquefaction
 12055 | D:9      | Reached ** piety under Dithmenos
 12144 | D:9      | Found Wycrop's Weapon Emporium.
 12155 | D:9      | Gained mutation: Your spells are a little easier to cast, but a little less powerful. [potion of mutation]
 12155 | D:9      | Gained mutation: You occasionally shout uncontrollably at your foes. [potion of mutation]
 12155 | D:9      | Gained mutation: Your body sometimes deteriorates upon taking damage. [potion of mutation]
 12156 | D:9      | Gained mutation: You evolve. [potion of mutation]
 12203 | D:9      | Found a basalt altar of Yredelemnul.
 12237 | D:9      | Found Tegae's Jewellery Shop.
 12246 | D:9      | Bought the ring "Suhafur" {rElec MR+ Dex+2} for 406 gold pieces
 12517 | D:9      | Reached skill level 14 in Stealth
 12622 | D:9      | Lost mutation: Your body sometimes deteriorates upon taking damage. [evolution]
 12628 | D:9      | Found a burning altar of Makhleb.
 12828 | D:9      | Found a staircase to the Orcish Mines.
 12860 | D:9      | Found an oddly glowing altar of Pakellas.
 12860 | D:9      | Noticed an orange crystal statue
 13001 | Orc:1    | Entered Level 1 of the Orcish Mines
 13007 | Orc:1    | Noticed an orc sorcerer
 13028 | Orc:1    | Killed an orc sorcerer
 13108 | Orc:1    | Reached *** piety under Dithmenos
 13375 | Orc:2    | Entered Level 2 of the Orcish Mines
 13384 | Orc:2    | Found Lahewup's Jewellery Shoppe.
 13509 | Orc:2    | Noticed an ettin
 13529 | Orc:2    | Killed an ettin
 13529 | Orc:2    | Reached XP level 11. HP: 68/68 MP: 2/23
 13681 | Orc:2    | Noticed an orc knight
 13682 | Orc:2    | Found Oplane's Book Emporium.
 13684 | Orc:2    | Noticed an orc high priest
 13691 | Orc:2    | Noticed an orc warlord
 13693 | Orc:2    | Noticed an orc high priest
 13698 | Orc:2    | Found Rewaomum's Antique Weapon Emporium.
 13700 | Orc:2    | Noticed an orc knight
 13700 | Orc:2    | Noticed an orc high priest
 13701 | Orc:2    | Noticed an orc knight
 13702 | Orc:2    | Noticed an orc high priest
 13705 | Orc:2    | Noticed an orc sorcerer
 14077 | Orc:2    | Found Cotsamor's General Store.
 14077 | Orc:2    | Noticed an orc knight
 14085 | Orc:2    | Paralysed by an orc sorcerer for 6 turns
 14087 | Orc:2    | Mangled by an orc knight

Skill      XL: |  1  2  3  4  5  6  7  8  9 10 |
---------------+-------------------------------+-----
Hexes          | 5 6 8 9 10 11 | 11.9
Stealth        | 5 6 7 9 10 13 14 | 14.8
Dodging        | 3 4 5 7 8 |  8.0
Spellcasting   | 3 4 5 6 8 |  8.3
Short Blades   | 2 3 |  3.7
Conjurations   | |  0.1

Action                   |  1- 3 |  4- 6 |  7- 9 | 10-12 || total
-------------------------+-------+-------+-------+-------++-------
Melee: Dagger            |   163 |   150 |   452 |   181 ||   946
       Bite              |    12 |    14 |    46 |    26 ||    98
 Cast: Corona            |    30 |       |       |       ||    30
       Confuse           |       |    39 |    68 |    42 ||   149
       Tukima's Dance    |       |    13 |    41 |    28 ||    82
       Dazzling Spray    |       |     1 |    14 |     8 ||    23
Evoke: Wand              |       |       |     4 |     1 ||     5
  Use: Potion            |     6 |    22 |    12 |     6 ||    46
       Scroll            |     6 |     2 |     6 |     6 ||    20
 Stab: Sleeping          |     7 |     2 |    14 |     4 ||    27
       Confused          |       |    22 |    32 |    16 ||    70
       Invisible         |       |       |     5 |     2 ||     7
       Distracted        |       |       |     1 |     2 ||     3
  Eat: Corpse            |       |       |     1 |       ||     1
Armor: Robe              |    38 |    16 |   124 |    19 ||   197
Dodge: Dodged            |   113 |    88 |   341 |   121 ||   663
Block: Other             |    10 |     9 |    30 |     8 ||    57
       Reflection        |       |     1 |     4 |       ||     5
